Map: Ruby Rock LE

Players

maxricky

  • Race: Protoss Protoss
  • League: Diamond
  • Spawn Location: 5:00

HoldTheDoor - Winner!

  • Race: Protoss Protoss
  • League: Diamond
  • Spawn Location: 11:00

VOD

Have the link to the VOD?

Description

Time

  • Played on: May 18, 2026, 12:13 p.m.
  • Length: 6:19
Show
View Real Time Build Order
Export as new Build Order

maxricky Protoss 

Build Orders:  

Get SALT Encoding   

  12  0:00  Probe  
  13  0:12  Probe  
  14  0:17  Pylon  
  14  0:23  Probe  
  15  0:32  Probe  
  15  0:39  Gateway  
  15  0:40  Probe  
  16  0:46  Assimilator  
  17  0:51  Probe  
  17  0:55  Assimilator  
  18  0:59  Probe  
  19  1:07  Probe  
  19  1:12  Gateway  
  19  1:17  Probe  
  21  1:28  Cybernetics Core  
  21  1:30  Probe  
  22  1:37  Pylon  
  22  1:43  Probe  
  23  1:55  Probe, Warp Gate  
  24  2:02  Stalker x2  
  28  2:10  Pylon  
  28  2:20  Robotics Facility  
  28  2:34  Stalker x2  
  32  2:50  Gateway  
  32  3:01  Stalker  
  32  3:02  Stalker  
  36  3:07  Warp Prism  
  38  3:24  Pylon  
  37  3:50  Stalker x3  
  43  4:03  Pylon  
  43  4:04  Observer  
  40  4:30  Stalker x3  
  44  4:37  Stalker x3  
  32  5:07  Stalker x3  
  32  5:14  Gateway  
  38  5:30  Stalker  
  38  5:31  Stalker x2  
  44  5:53  Stalker  
  44  5:54  Stalker  
  44  5:55  Sentry  
Show
View Real Time Build Order
Export as new Build Order

HoldTheDoor Protoss - Winner!

Build Orders:  

Get SALT Encoding   

  12  0:00  Probe  
  13  0:12  Probe  
  14  0:17  Pylon  
  14  0:23  Probe  
  15  0:31  Probe  
  15  0:39  Gateway, Probe  
  16  0:49  Assimilator  
  17  0:51  Probe  
  18  1:03  Probe  
  18  1:04  Assimilator  
  19  1:16  Gateway, Probe  
  20  1:29  Probe, Cybernetics Core  
  21  1:33  Pylon  
  21  1:41  Probe  
  22  1:53  Probe  
  23  1:57  Warp Gate  
  23  2:02  Stalker x2  
  23  2:05  Probe  
  28  2:11  Pylon  
  28  2:17  Probe  
  29  2:27  Pylon  
  29  2:32  Probe  
  29  2:34  Sentry  
  29  2:36  Stalker  
  34  2:46  Probe  
  35  3:04  Nexus  
  35  3:07  Pylon  
  35  3:18  Robotics Facility  
  35  3:20  Probe  
  35  3:26  Shield Battery  
  36  3:32  Probe  
  37  3:50  Stalker x2  
  41  3:58  Probe  
  42  4:04  Immortal  
  42  4:05  Pylon  
  46  4:15  Zealot x2  
  38  4:42  Stalker x2  
  42  4:59  Immortal  
  37  5:05  Stalker x2  
  40  5:07  Probe  
  40  5:14  Probe  
  46  5:19  Probe  
  45  5:25  Gateway  
  45  5:27  Gateway  
  45  5:30  Shield Battery  
  45  5:32  Shield Battery  
  45  5:33  Pylon, Stalker  
  47  5:36  Sentry  
  47  5:45  Probe  
  47  5:49  Probe  
  49  5:56  Pylon  
  47  5:58  Shield Battery  
  47  6:10  Stalker x2  
Tags
 
Matchup
PvP
Replay Pack
SC2Mai2026
Spawn Locations
Cross Positions
Add a new tag
Caveats
  • Supply blocks, unpowered buildings, or Contaminate may cause inaccurate times.
  • Supply counts are checked every 10 seconds.